MID
GREENSBORO GRASSHOPPERS @ DAYTON DRAGONS
04/20/2048
 
TOP OF THE 1ST
Greensboro Grasshoppers batting - Pitching for Dayton Dragons : LHP Jason St. Clair
Pitching: LHP Jason St. Clair
Batting: RHB Harrie de Kam 0-0: Ball
1-0: Swinging Strike
1-1: Swinging Strike
1-2: DOUBLE (Line Drive, 9LS, EV 108.1 MPH)
Batting: RHB Rafael Irizarry 0-0: Ball
1-0: Ball
2-0: Foul Ball, location: 2F
2-1: Foul Ball, location: 2F
2-2: TRIPLE (Groundball, 5L, EV 105.0 MPH)
Harrie de Kam scores
Batting: RHB Nate Crofts 0-0: Ball
1-0: Ball
2-0: Called Strike
2-1: Foul Ball, location: 2F
2-2: Strikes out swinging
Batting: LHB Ryan Karg 0-0: Called Strike
0-1: Swinging Strike
0-2: Hit by Pitch
Batting: RHB Larry LeFever 0-0: Ball
1-0: Called Strike
1-1: Ball
2-1: Ball
3-1: Called Strike
3-2: DOUBLE (Flyball, 89D, EV 101.2 MPH)
Rafael Irizarry scores
Ryan Karg to third
Batting: RHB J.D. Vander Klok 0-0: SINGLE (Groundball, 56D, EV 107.5 MPH)
Ryan Karg scores
Larry LeFever to third
Runner from 3rd tries for Home, SAFE, throw by LF to home
Batting: LHB Ryan Thompson 0-0: Ball
1-0: Swinging Strike
1-1: Ball
2-1: Swinging Strike
2-2: Strikes out swinging
Batting: LHB Justin Blakely 0-0: Swinging Strike
0-1: Called Strike
0-2: Ball
1-2: Strikes out swinging, 2-3 out at first.
Top of the 1st over - 4 runs, 4 hits, 0 errors, 1 left on base; Greensboro 4 - Dayton 0
BOTTOM OF THE 1ST
Dayton Dragons batting - Pitching for Greensboro Grasshoppers : LHP Hideo Komatsu
Pitching: LHP Hideo Komatsu
Batting: LHB Leo Gomez 0-0: Ground out 1-3 (Groundball, 13S, EV 64.4 MPH)
Batting: RHB Chris Zamora 0-0: Ball
1-0: Foul Ball, location: 2F
1-1: Ball
2-1: SINGLE (Flyball, 8LS, EV 88.1 MPH) - OUT at second base trying to stretch hit.
Batting: RHB Andy Bachman 0-0: Fly out, F8 (Flyball, 78S, EV 73.1 MPH)
Bottom of the 1st over - 0 runs, 1 hit, 0 errors, 0 left on base; Greensboro 4 - Dayton 0
TOP OF THE 2ND
Greensboro Grasshoppers batting - Pitching for Dayton Dragons : LHP Jason St. Clair
Batting: LHB Jose Cabello 0-0: Ball
1-0: Foul Ball, location: 2F
1-1: Ball
2-1: Reached on error, E5 (Groundball, 56, EV 86.2 MPH)
Batting: RHB Harrie de Kam 0-0: Swinging Strike
0-1: Called Strike
0-2: Ball
1-2: Foul Ball, location: 2F
1-2: Ball
Wild Pitch!
Jose Cabello to second
2-2: Foul Ball, location: 2F
2-2: Ground out 4-3 (Groundball, 4, EV 101.9 MPH)
Jose Cabello to third
Batting: RHB Rafael Irizarry 0-0: Called Strike
0-1: Ball
1-1: Hit by Pitch
Batting: RHB Nate Crofts 0-0: Ball
Rafael Irizarry steals 2nd base
1-0: Ball
2-0: Foul Ball, location: 2F
2-1: Called Strike
2-2: Ball
3-2: Base on Balls
Batting: LHB Ryan Karg 0-0: Called Strike
0-1: Swinging Strike
0-2: Strikes out swinging
Batting: RHB Larry LeFever 0-0: Swinging Strike
0-1: Ball
1-1: Ball
2-1: Called Strike
2-2: DOUBLE (Line Drive, 7LS, EV 114.4 MPH)
Jose Cabello scores
Rafael Irizarry scores
Nate Crofts to third
Runner from 3rd tries for Home, throw by LF and OUT! 7-6-2
Top of the 2nd over - 2 runs, 1 hit, 1 error, 1 left on base; Greensboro 6 - Dayton 0
BOTTOM OF THE 2ND
Dayton Dragons batting - Pitching for Greensboro Grasshoppers : LHP Hideo Komatsu
Batting: LHB Matt Kennedy 0-0: Ball
1-0: DOUBLE (Line Drive, 89M, EV 105.6 MPH)
Batting: LHB Jeremy Robertson 0-0: Ground out 4-3 (Groundball, 4, EV 97.5 MPH)
Matt Kennedy to third
Batting: RHB Aaron Barraza 0-0: Ball
1-0: Ball
2-0: Called Strike
2-1: Swinging Strike
2-2: Foul Ball, location: 2F
2-2: Strikes out looking
Batting: RHB Travis Petrick 0-0: Called Strike
0-1: Ground out 4-3 (Groundball, 4S, EV 84.4 MPH)
Bottom of the 2nd over - 0 runs, 1 hit, 0 errors, 1 left on base; Greensboro 6 - Dayton 0
TOP OF THE 3RD
Greensboro Grasshoppers batting - Pitching for Dayton Dragons : LHP Jason St. Clair
Batting: RHB J.D. Vander Klok 0-0: Foul Ball, location: 2F
0-1: Ball
1-1: Foul Ball, location: 2F
1-2: Foul Ball, location: 2F
1-2: Strikes out swinging, 2-3 out at first.
Batting: LHB Ryan Thompson 0-0: Called Strike
0-1: Ball
1-1: Ball
2-1: Ball
3-1: Base on Balls
Batting: LHB Justin Blakely 0-0: Ball
1-0: Foul Ball, location: 2F
1-1: Foul Ball, location: 2F
1-2: Strikes out swinging
Batting: LHB Jose Cabello 0-0: Foul Ball, location: 2F
0-1: Ball
1-1: Foul Ball, location: 2F
1-2: Strikes out swinging
Top of the 3rd over - 0 runs, 0 hits, 0 errors, 1 left on base; Greensboro 6 - Dayton 0
BOTTOM OF THE 3RD
Dayton Dragons batting - Pitching for Greensboro Grasshoppers : LHP Hideo Komatsu
Batting: LHB Chris Redhead 0-0: Called Strike
0-1: Ball
1-1: Ball
2-1: Ball
3-1: Foul Ball, location: 2F
3-2: Foul Ball, location: 2F
3-2: Foul Ball, location: 2F
3-2: Strikes out looking
Batting: RHB Yutaka Sato 0-0: Called Strike
0-1: Foul Ball, location: 2F
0-2: Fly out, F7 (Flyball, 7LM, EV 95.0 MPH)
Batting: LHB Leo Gomez 0-0: SINGLE (Line Drive, 3, EV 95.0 MPH)
Batting: RHB Chris Zamora 0-0: Ball
1-0: Ground out 4-3 (Groundball, 4, EV 91.2 MPH)
Bottom of the 3rd over - 0 runs, 1 hit, 0 errors, 1 left on base; Greensboro 6 - Dayton 0
TOP OF THE 4TH
Greensboro Grasshoppers batting - Pitching for Dayton Dragons : LHP Jason St. Clair
Pitching: RHP Jose Marrero
Batting: RHB Harrie de Kam 0-0: Ground out 3-1 (Groundball, 34S, EV 86.2 MPH)
Batting: RHB Rafael Irizarry 0-0: Called Strike
0-1: Ball
1-1: Ball
2-1: Foul Ball, location: 2F
2-2: Strikes out swinging
Batting: RHB Nate Crofts 0-0: Ball
1-0: Called Strike
1-1: Ground out 6-3 (Groundball, 6, EV 86.2 MPH)
Top of the 4th over - 0 runs, 0 hits, 0 errors, 0 left on base; Greensboro 6 - Dayton 0
BOTTOM OF THE 4TH
Dayton Dragons batting - Pitching for Greensboro Grasshoppers : LHP Hideo Komatsu
Batting: RHB Andy Bachman 0-0: Ball
1-0: Foul Ball, location: 2F
1-1: Ball
2-1: Foul Ball, location: 2F
2-2: Hit by Pitch
Batting: LHB Matt Kennedy Pickoff Throw to First - Out! 1-3
0-0: Swinging Strike
0-1: Foul Ball, location: 2F
0-2: Ball
1-2: Foul Ball, location: 2F
1-2: Ball
2-2: Ball
3-2: Foul Ball, location: 2F
3-2: Ground out 1-3 (Groundball, 34S, EV 67.5 MPH)
Batting: LHB Jeremy Robertson 0-0: Fly out, F7 (Flyball, 7LM, EV 94.4 MPH)
Bottom of the 4th over - 0 runs, 0 hits, 0 errors, 0 left on base; Greensboro 6 - Dayton 0
TOP OF THE 5TH
Greensboro Grasshoppers batting - Pitching for Dayton Dragons : RHP Jose Marrero
Batting: LHB Ryan Karg 0-0: Foul Ball, location: 2F
0-1: Foul Ball, location: 2F
0-2: Ball
1-2: Ball
2-2: Foul Ball, location: 2F
2-2: Strikes out looking
Batting: RHB Larry LeFever 0-0: Called Strike
0-1: Foul Ball, location: 2F
0-2: Ball
1-2: Foul Ball, location: 2F
1-2: Strikes out swinging
Batting: RHB J.D. Vander Klok 0-0: Ball
1-0: Ball
2-0: Ball
3-0: Called Strike
3-1: Swinging Strike
3-2: Foul Ball, location: 2F
3-2: Strikes out looking
Top of the 5th over - 0 runs, 0 hits, 0 errors, 0 left on base; Greensboro 6 - Dayton 0
BOTTOM OF THE 5TH
Dayton Dragons batting - Pitching for Greensboro Grasshoppers : LHP Hideo Komatsu
Batting: RHB Aaron Barraza 0-0: Ball
1-0: Swinging Strike
1-1: Swinging Strike
1-2: SINGLE (Line Drive, 78S, EV 100.6 MPH)
Batting: RHB Travis Petrick 0-0: Ball
1-0: Foul Ball, location: 2F
1-1: Called Strike
1-2: Foul Ball, location: 2F
1-2: Foul Ball, location: 2F
1-2: Strikes out swinging
Batting: LHB Chris Redhead Pickoff Throw to First - Out! 1-3
0-0: Foul Ball, location: 2F
0-1: Ball
1-1: DOUBLE (Line Drive, 78XD, EV 101.9 MPH)
Batting: RHB Yutaka Sato 0-0: Fly out, F7 (Flyball, 7, EV 83.1 MPH)
Bottom of the 5th over - 0 runs, 2 hits, 0 errors, 1 left on base; Greensboro 6 - Dayton 0
TOP OF THE 6TH
Greensboro Grasshoppers batting - Pitching for Dayton Dragons : RHP Jose Marrero
Batting: LHB Ryan Thompson 0-0: Swinging Strike
0-1: Ball
1-1: Foul Ball, location: 2F
1-2: Foul Ball, location: 2F
1-2: Foul Ball, location: 2F
1-2: Ball
2-2: Foul Ball, location: 2F
2-2: Strikes out swinging
Batting: LHB Justin Blakely 0-0: Ball
1-0: Called Strike
1-1: Called Strike
1-2: Ball
2-2: Strikes out swinging
Batting: LHB Jose Cabello 0-0: SINGLE (Line Drive, 9S, EV 103.1 MPH)
Batting: RHB Harrie de Kam 0-0: Ball
1-0: Ball
2-0: Swinging Strike
2-1: Swinging Strike
2-2: Strikes out looking
Top of the 6th over - 0 runs, 1 hit, 0 errors, 1 left on base; Greensboro 6 - Dayton 0
BOTTOM OF THE 6TH
Dayton Dragons batting - Pitching for Greensboro Grasshoppers : LHP Hideo Komatsu
Batting: LHB Leo Gomez 0-0: Called Strike
0-1: Called Strike
0-2: Ball
1-2: Ball
2-2: Foul Ball, location: 2F
2-2: Ball
3-2: Ground out 1-3 (Groundball, 13S, EV 68.1 MPH)
Batting: RHB Chris Zamora 0-0: Called Strike
0-1: Ball
1-1: Ball
2-1: Ball
3-1: Ground out 6-3 (Groundball, 6, EV 83.8 MPH)
Batting: RHB Andy Bachman 0-0: Called Strike
0-1: Ground out 4-3 (Groundball, 34, EV 102.5 MPH)
Bottom of the 6th over - 0 runs, 0 hits, 0 errors, 0 left on base; Greensboro 6 - Dayton 0
TOP OF THE 7TH
Greensboro Grasshoppers batting - Pitching for Dayton Dragons : RHP Jose Marrero
Pitching: RHP Aaron McArdle
Batting: RHB Rafael Irizarry 0-0: Foul Ball, location: 2F
0-1: Ball
1-1: Called Strike
1-2: Foul Ball, location: 2F
1-2: Strikes out looking
Batting: RHB Nate Crofts 0-0: Ball
1-0: Foul Ball, location: 2F
1-1: Fly out, F8 (Flyball, 8RS, EV 87.5 MPH)
Batting: LHB Ryan Karg 0-0: Ball
1-0: Ground out 6-3 (Groundball, 4M, EV 103.8 MPH)
Top of the 7th over - 0 runs, 0 hits, 0 errors, 0 left on base; Greensboro 6 - Dayton 0
BOTTOM OF THE 7TH
Dayton Dragons batting - Pitching for Greensboro Grasshoppers : LHP Hideo Komatsu
Pitching: RHP Mike Yorke
Batting: LHB Matt Kennedy 0-0: Called Strike
0-1: Ground out 4-3 (Groundball, 4, EV 84.4 MPH)
Batting: LHB Jeremy Robertson 0-0: Ball
1-0: Swinging Strike
1-1: Ground out U3 (Groundball, 13, EV 85.0 MPH)
Batting: RHB Aaron Barraza 0-0: Foul Ball, location: 2F
0-1: Swinging Strike
0-2: Ball
1-2: Ball
2-2: Ball
3-2: Fly out, F7 (Flyball, 7, EV 93.1 MPH)
Bottom of the 7th over - 0 runs, 0 hits, 0 errors, 0 left on base; Greensboro 6 - Dayton 0
TOP OF THE 8TH
Greensboro Grasshoppers batting - Pitching for Dayton Dragons : RHP Aaron McArdle
Batting: RHB Larry LeFever 0-0: Ground out 6-3 (Groundball, P, EV 80.6 MPH)
Batting: RHB J.D. Vander Klok 0-0: Called Strike
0-1: Ball
1-1: Ball
2-1: Foul Ball, location: 2F
2-2: Strikes out swinging
Batting: LHB Ryan Thompson 0-0: Ball
1-0: Called Strike
1-1: Swinging Strike
1-2: Ball
2-2: Ball
3-2: Foul Ball, location: 2F
3-2: Base on Balls
Batting: LHB Justin Blakely 0-0: Fielders Choice at 2nd, U6 (Groundball, 4, EV 87.5 MPH)
Top of the 8th over - 0 runs, 0 hits, 0 errors, 1 left on base; Greensboro 6 - Dayton 0
BOTTOM OF THE 8TH
Dayton Dragons batting - Pitching for Greensboro Grasshoppers : RHP Mike Yorke
Batting: RHB Travis Petrick 0-0: SINGLE (Line Drive, 7S, EV 91.9 MPH)
Batting: LHB Chris Redhead 0-0: Foul Ball, location: 2F
0-1: Ball
1-1: Foul Ball, location: 2F
1-2: Ball
2-2: Ball
3-2: Strikes out swinging
Pinch Hitting: LHB Ray Walden 0-0: Ball
1-0: Called Strike
1-1: SINGLE (Flyball, 89S, EV 85.0 MPH)
Travis Petrick to second
Pitching: RHP Felix Moreno
Batting: LHB Leo Gomez 0-0: Ball
1-0: Called Strike
1-1: Ball
2-1: Foul Ball, location: 2F
2-2: Ball
3-2: Base on Balls
Travis Petrick to third
Ray Walden to second
Batting: RHB Chris Zamora 0-0: Called Strike
0-1: Foul Ball, location: 2F
0-2: Foul Ball, location: 2F
0-2: Ball
1-2: Foul Ball, location: 2F
1-2: Ball
2-2: Strikes out looking
Batting: RHB Andy Bachman 0-0: Ball
1-0: Ball
2-0: Ball
Wild Pitch!
Travis Petrick scores
Ray Walden to third
Leo Gomez to second
3-0: Called Strike
3-1: Ground out 3-1 (Groundball, 34S, EV 91.2 MPH)
Bottom of the 8th over - 1 run, 2 hits, 0 errors, 2 left on base; Greensboro 6 - Dayton 1
TOP OF THE 9TH
Greensboro Grasshoppers batting - Pitching for Dayton Dragons : RHP Aaron McArdle
Pitching: RHP Juan Hernandez
Now at SS: Juan Zamora
Batting: LHB Jose Cabello 0-0: Ball
1-0: Ball
2-0: Foul Ball, location: 2F
2-1: Foul Ball, location: 2F
2-2: Strikes out looking
Batting: RHB Harrie de Kam 0-0: Ball
1-0: Called Strike
1-1: Ball
2-1: Called Strike
2-2: Foul Ball, location: 2F
2-2: SINGLE (Groundball, 6MD, EV 103.8 MPH)
Batting: RHB Rafael Irizarry 0-0: Ball
1-0: Called Strike
Harrie de Kam steals 2nd base
1-1: Called Strike
1-2: Foul Ball, location: 2F
1-2: Strikes out looking
Batting: RHB Nate Crofts 0-0: Foul Ball, location: 2F
0-1: Called Strike
0-2: Ball
1-2: Ball
2-2: Strikes out swinging
Top of the 9th over - 0 runs, 1 hit, 0 errors, 1 left on base; Greensboro 6 - Dayton 1
BOTTOM OF THE 9TH
Dayton Dragons batting - Pitching for Greensboro Grasshoppers : RHP Felix Moreno
Batting: LHB Matt Kennedy 0-0: Foul Ball, location: 2F
0-1: Ground out 5-3 (Groundball, 56S, EV 83.8 MPH)
Batting: LHB Jeremy Robertson 0-0: Called Strike
0-1: Called Strike
0-2: Ball
1-2: Ball
2-2: Ball
3-2: Foul Ball, location: 2F
3-2: Strikes out swinging
Batting: RHB Aaron Barraza 0-0: Fly out, F9 (Line Drive, 9S, EV 113.1 MPH)
Bottom of the 9th over - 0 runs, 0 hits, 0 errors, 0 left on base; Greensboro 6 - Dayton 1
Tuesday, March 28th , 2023 - OOTP Baseball 23.10 Build 110